AoeStats
← simbasdead

Nomad

508949831Analyzed
2v2 RM · 8d ago on Sep 24, 2026· 48m 46s· 4 players
Game mode
Random Map
Map size
176×176
Population
200
Speed
Normal
Resources
Standard
Victory
Conquest
Starting age
Dark Age
Ending age
Imperial Age
RankedLock teamsTeams togetherTeam positionsShared explorationLock speedFull tech treeHidden civsTurbo modeCheats
Victory
Defeat
🇫🇷 Vikings · France
974
+15
🇨🇱 Chinese · Chile
948
+16
🇪🇸 Celts · Spain
977
-16
🇺🇸 Turks · United States
937
-15
simbasdead
4:16 Loom
16:31 Feudal Age
25:41 Castle Age
24:32 Stone Mining
24:41 Double-Bit Axe
27:30 Fletching
35:45 Bow Saw
36:08 Gold Mining
37:19 Wheelbarrow
38:49 Padded Archer Armor
40:38 Town Watch
45:41 Imperial Age
46:45 Conscription
ROKET_RS7
7:06 Loom
16:22 Feudal Age
17:00 Double-Bit Axe
18:20 Horse Collar
26:28 Castle Age
25:12 Stone Mining
30:12 Fortified Wall
31:01 Gold Mining
36:00 Padded Archer Armor
35:51 Fletching
39:35 Imperial Age
40:16 Scale Mail Armor
41:30 Wheelbarrow
VoRia
13:10 Feudal Age
16:24 Fishing Lines
21:11 Castle Age
19:47 Loom
20:30 Stone Mining
20:30 Double-Bit Axe
22:59 Pikeman
24:49 Scale Mail Armor
24:59 Forging
24:58 Gillnets
25:54 Chain Mail Armor
25:44 Squires
25:30 Arson
26:00 Gold Mining
26:22 Bow Saw
28:58 Gold Shaft Mining
29:14 Iron Casting
34:58 Imperial Age
32:16 Town Watch
34:54 Town Patrol
35:23 Chieftains
37:53 Plate Mail Armor
38:23 Blast Furnace
38:09 Horse Collar
39:35 Two-Man Saw
38:27 Elite Berserk
42:51 Capped Ram
44:29 Siege Ram
cristobalfelipeg
4:06 Loom
18:00 Feudal Age
19:44 Wheelbarrow
18:55 Double-Bit Axe
19:03 Horse Collar
18:53 Man-at-Arms
20:01 Town Watch
22:17 Padded Archer Armor
22:50 Arson
24:30 Fletching
25:58 Gold Mining
29:19 Castle Age
30:02 Town Patrol
31:13 Heavy Plow
31:37 Murder Holes
33:42 Hand Cart
34:44 Masonry
34:46 Fortified Wall
35:59 Bow Saw
38:39 Thumb Ring
38:38 Guard Tower
43:09 Imperial Age
40:08 Crossbowman
41:28 Ballistics
42:26 Bodkin Arrow
43:59 Leather Archer Armor
43:57 Arbalester
44:52 Husbandry
47:33 Gold Shaft Mining
47:35 Conscription
50:16 Chemistry
49:22 Bracer
49:56 Ring Archer Armor
Connection lost

Rejoining the realm…

Still unreachable

The connection could not be restored.

Session expired

The server has moved on; the page needs a fresh start.